 Dungeon Crawl Stone Soup version 0.31-a0-208-gdb31a4691d (webtiles) character file.

Game seed: 6363593223593467491

101 lukessrichardson the Chopper (level 5, -16/41 HPs)
             Began as a Human Berserker on June 28, 2023.
             Was a Believer of Trog.
             Killed from afar by an oklob plant (24 damage)
             ... with a splash of acid
             ... on level 3 of the Dungeon.
             The game lasted 00:02:40 (1888 turns).

lukessrichardson the Chopper (Human Berserker)      Turns: 1888, Time: 00:02:41

Health: -16/41     AC:  7    Str: 19    XL:     5   Next: 4%
Magic:  5/5        EV:  6    Int:  7    God:    Trog [**....]
Gold:   79         SH:  0    Dex: 13    Spells: 4/4 levels left

rFire   + . .        o - +1 hand axe (vamp)
rCold   . . .        (no shield)
rNeg    . . .        k - +0 plate armour {rF+}
rPois   .            (no helmet)
rElec   .            (no cloak)
rCorr   .            (no gloves)
SInv    +            (no boots)
Will    .....        (no amulet) Stlth
                     m - ring of see invisible
HPRegen 0.26/turn    (no ring)
MPRegen 0.09/turn

%: no passive effects
@: corroded
A: no striking features
a: Renounce Religion, Berserk, Trog's Hand


You were on level 3 of the Dungeon.
You worshipped Trog.
Trog was pleased with you.
You visited 1 branch of the dungeon, and saw 3 of its levels.

You collected 79 gold pieces.

Inventory:

Hand Weapons
 a - a +0 hand axe
 o - a +1 vampiric hand axe (weapon)
Armour
 b - a +0 animal skin
 k - a +0 plate armour of fire resistance (worn)
Jewellery
 m - a ring of see invisible (left hand)
Scrolls
 c - 3 scrolls of teleportation {unknown}
 d - a scroll of fog {unknown}
 f - a scroll of silence {unknown}
 j - 2 scrolls of poison {unknown}
 l - a scroll of revelation {unknown}
 n - a scroll of identify {unknown}
Potions
 e - 2 potions of curing {unknown}
 g - a potion of mutation {unknown}
 h - a potion of enlightenment {unknown}
 i - 2 potions of brilliance {unknown}


   Skills:
 + Level 3.5 Fighting
 + Level 4.3 Axes
 + Level 2.5 Armour
 + Level 2.4 Dodging
 + Level 0.2 Stealth


You had 4 spell levels left.
You didn't know any spells.
Your spell library was empty.

Dungeon Overview and Level Annotations

Branches:
Dungeon (3/15)

Altars:
Fedhas

Shops:
D:1 :

Annotations:
D:1 1 transporter
D:3 exclusion: oklob plant


Message History

The plant begins to die.
A nearby fungus withers and dies.
A nearby plant withers and dies.
You hit the fungus.
The fungus begins to die.
The fungus is lightly damaged.
You hit the plant. x2; You hit the fungus but do no damage.
You hit the plant.
The plant begins to die.
You slash the plant!
The plant is lightly damaged.
You hit the fungus. x2; The fungus begins to die.
You hit the plant. You hit the plant but do no damage.
A nearby plant withers and dies. x2
You hit the fungus.
The fungus begins to die.
The fungus is lightly damaged.
You hit the fungus. You hit the plant.
The plant begins to die.
You hit the fungus.
The fungus begins to die.
You hit the plant but do no damage.
A nearby fungus withers and dies. x2
You hit the fungus.
The fungus is lightly damaged.
You hit the plant. You hit the fungus. You hit the plant but do no damage.
A nearby plant withers and dies.
You hit the fungus.
The fungus is lightly damaged.
You hit the plant but do no damage. You hit the fungus.
A nearby plant withers and dies.
You slash the fungus!
The fungus is lightly damaged.
You hit the fungus. You slash the fungus!
The fungus is lightly damaged.
You hit the fungus.
A nearby fungus withers and dies. x2
The oklob plant spits acid at you. The splash of acid hits you!!
Ouch! That really hurt!
The oklob plant spits acid at you. The splash of acid hits you!
* * * LOW HITPOINT WARNING * * *
The acid corrodes you! The oklob plant spits acid at you.
The splash of acid hits you!!
Ouch! That really hurt!
You die... #.# #.# #. #.# #.# #. #.# ... ##. ### ################.. ##PP♣#PPP#♣PP#.P##PP##. #PPP.P♣PPP♣♣PPPP#PP# #. #PP..PP#PPP##PPPP#P♣##.

#P......PP♣P.PPPPPP.#..
#PP...@........P.P.####
#PP......~≈~≈~..P.♣P#
#PPPP#..≈~≈≈≈~~..##.#
#PPP...~≈≈≈≈≈≈~~..#P#
#P#.P.~≈≈≈≈~≈~≈~~.P.###
#P♣#P.~~~~...≈~≈~.###..
# PP......._.~≈≈~.....#
PP#..~~~~...~≈≈≈.#####
.PPP.≈~≈~~~~~~~~.♣


You could see an oklob plant.

Vanquished Creatures
  Natasha (D:2)
  3 adders
  2 dart slugs
  3 bats
  9 endoplasms
  A giant cockroach (D:2)
  4 goblins
  3 hobgoblins
  A quokka (D:2)
  6 ball pythons
  A frilled lizard (D:2)
  6 kobolds
  4 rats
44 creatures vanquished.

Notes
Turn   | Place    | Note
-------+----------+-------------------------------------------
     0 | D:1      | lukessrichardson the Human Berserker began the quest for
                  | the Orb.
     0 | D:1      | Reached XP level 1. HP: 18/18 MP: 1/1
   164 | D:1      | Reached XP level 2. HP: 21/24 MP: 2/2
   180 | D:1      | Found Ahevub's Vocational Training.
   706 | D:2      | Reached XP level 3. HP: 27/29 MP: 3/3
   794 | D:2      | Reached ** piety under Trog
  1160 | D:2      | Found a faded altar of an unknown god.
  1186 | D:2      | Reached XP level 4. HP: 30/35 MP: 4/4
  1371 | D:2      | Noticed Natasha
  1381 | D:2      | Killed Natasha
  1382 | D:2      | Reached skill level 4 in Axes
  1774 | D:3      | Reached XP level 5. HP: 41/41 MP: 5/5
  1847 | D:3      | Found a blossoming altar of Fedhas.
  1865 | D:3      | Noticed an oklob plant
  1888 | D:3      | Killed from afar by an oklob plant

Illustrated notes

Levels and vault maps discovered:
D:1:      spicycebolla_arrival_risky_transporter, layout_basic,
          nicolae_shop_vocational
D:2:      layout_loops_corners, chequers_ecumenical_altar_grove, uniq_natasha
D:3:      layout_loops_ring, tgw_fedhas, serial_shops, shop, uniq_jessica

Skill      XL: |  1  2  3  4 |
---------------+-------------+-----
Axes           | 4 |  4.3
Fighting       | |  3.5
Armour         | |  2.5
Dodging        | |  2.4
Stealth        | |  0.2

Action                     |  1- 3 |  4- 6 || total
---------------------------+-------+-------++-------
  Melee: Hand axe          |    89 |    66 ||   155
         Punch             |     1 |     1 ||     2
 Armour: Animal skin       |     3 |       ||     3
         Plate armour      |    40 |    34 ||    74
  Dodge: Dodged            |    35 |    15 ||    50

Table legend: (Time is in decaauts)
 A = Elapsed time spent in this place.
 B = Non-inter-level travel time spent in this place.
 C = Inter-level travel time spent in this place.
 D = Time resting spent in this place.
 E = Time spent auto-exploring this place.
 F = Levels seen in this place.
 G = Mean time per level.
                   A        B        C        D        E       F      G
               +--------+--------+--------+--------+--------+-----+--------+
         Total |   1904 |   1841 |     63 |      0 |   1501 |   3 |  634.7 |
       Dungeon |   1904 |   1841 |     63 |      0 |   1501 |   3 |  634.7 |
               +--------+--------+--------+--------+--------+-----+--------+

Top non-repeatable levels by time:
     D:2: 1027 daAuts
     D:1: 701 daAuts
     D:3: 175 daAuts
